 Dungeon Crawl Stone Soup version 0.31.0-32-g396128a36d (webtiles) character file.

Game seed: 15203481263257982001

9020 spaghetti the Fencer (level 11, 42/106 HPs)
             Began as a Naga Berserker on Mar 23, 2024.
             Was a Priest of Trog.
             Quit the game on level 11 of the Dungeon.
             The game lasted 00:12:29 (7383 turns).

spaghetti the Fencer (Naga Berserker)               Turns: 7383, Time: 00:12:29

Health: 42/106     AC: 14    Str: 25    XL:     11   Next: 40%
Magic:  11/11      EV:  7    Int:  8    God:    Trog [***...]
Gold:   546        SH:  0    Dex: 21    Spells: 10/10 levels left

rFire   . . .        a - +4 long sword
rCold   . . .        (no shield)
rNeg    + . .        k - +1 chain mail {rN+}
rPois   +            e - +1 helmet
rElec   .            (no cloak)
rCorr   .            l - +2 pair of gloves
SInv    +            (no barding)
Will    +++..        u - amulet of regeneration Stlth
                     r - +6 ring of dexterity
HPRegen 2.17/turn    s - +6 ring of strength
MPRegen 0.12/turn

%: no passive effects
@: on fire, strong-willed (expiring), on berserk cooldown, regenerating
(expiring), hasted and slowed, glowing, very slow
A: AC +3, large, see invisible, deformed body, poison resistance, slowness 2,
spit poison 1, naga tail 1
a: Spit Poison, Renounce Religion, Berserk, Trog's Hand


You were on level 11 of the Dungeon.
You worshipped Trog.
Trog was most pleased with you.
You visited 1 branch of the dungeon, and saw 9 of its levels.

You collected 546 gold pieces.

Inventory:

Hand Weapons
 a - a +4 long sword (weapon)
Missiles
 g - a throwing net
 x - 5 curare-tipped darts
Armour
 e - a +1 helmet (worn)
 k - a +1 chain mail of positive energy (worn)
 l - a +2 pair of gloves (worn)
 B - +0 acid dragon scales
Jewellery
 i - an amulet of the acrobat
 p - a +6 ring of strength
 r - a +6 ring of dexterity (left hand)
 s - a +6 ring of strength (right hand)
 u - an amulet of regeneration (around neck)
Wands
 n - a wand of quicksilver (10)
 o - a wand of paralysis (7)
 A - a wand of digging (5)
Scrolls
 b - a scroll of enchant armour
 d - 2 scrolls of enchant weapon
 f - a scroll of torment
 h - 3 scrolls of noise
 j - 2 scrolls of amnesia
 v - a scroll of brand weapon
 y - 2 scrolls of identify
Potions
 c - 6 potions of curing
 q - a potion of brilliance
 w - a potion of attraction


   Skills:
 + Level 9.4 Fighting
 - Level 15.0 Long Blades
 + Level 2.1 Armour
 + Level 2.1 Dodging


You had 10 spell levels left.
You didn't know any spells.
Your spell library was empty.

Dungeon Overview and Level Annotations

Branches:
Dungeon (11/15)              Lair (0/5) D:9             Orc (0/2) D:9
 Temple: D:4-7

Altars:
Qazlal
Yredelemnul
The Shining One

Shops:
D:1 (


Innate Abilities, Weirdness & Mutations

Your serpentine skin is tough. (AC +3)
You have supernaturally acute eyesight. (SInv)
Armour fits poorly on your strangely shaped body.
Your system is resistant to poisons. (rPois)
You cover ground very slowly.
You can spit poison.
You have a snake-like lower body.


Message History

Okay, then.
As you read the scroll of fear, it crumbles to dust.
You assume a fearsome visage.
The kobold demonologist looks frightened! x2
The kobold looks frightened!
The kobold demonologist looks frightened!
The kobold looks frightened!
The ice devil easily resists.
The killer bee looks frightened! x3; The ice devil hits you!
The ice devil freezes you!
Your skin crawls.
You feel strong-willed.
The ice devil hits you but does no damage.
The ice devil hits you! The ice devil freezes you!
* * * LOW HITPOINT WARNING * * *
As you read the scroll of teleportation, it crumbles to dust.
You feel strangely unstable.
The ice devil hits you but does no damage.
You feel yourself speed up.
The ice devil hits you but does no damage. x2
Okay, then.
Things that are here:
a +0 whip; a +1 scale mail of cold resistance Your surroundings suddenly seem different.
A deep elf pyromancer, an orc knight, a two-headed ogre and a brown ugly thing come into view.
Found a condenser vane and a twisted gilded ring.
You feel the effects of Trog's Hand fading.
The deep elf pyromancer shouts!
The orc knight shouts!
The two-headed ogre shouts in stereo!
The brown ugly thing gurgles horribly!
You hear a shout!
A cyclops comes into view.
The deep elf pyromancer points at you and mumbles some strange words.
The pyre arrow hits you.
You are covered in intense liquid fire!
A cyclops comes into view.
The cyclops shouts!
Unknown command.
Unknown command.
Okay, then.
Okay, then.
Are you sure you want to abandon this character and quit the game? (Confirm with "yes".)

. ..K . .. . .##
.##.. # .... ....
#. ...#
.....##..#####..##
...#
.....#.O..@eo....#
.4#
#....##..u.##CC#..#
.)###.....#.#... ##
.)#....#.# ...##
...).....#.###
##.†....##
#.......# .......##
###....# ###


You could see an orc knight, a brown ugly thing, a two-headed ogre, 2 cyclopes
and a deep elf pyromancer.

Vanquished Creatures
  4 two-headed ogres
  Joseph (D:7)
  Jeremiah (D:7)
  Maggie (D:10)
  An unseen horror zombie (D:8)
  A rime drake (D:9)
  A komodo dragon (D:10)
  A troll (D:10)
  A hornet (D:7)
  3 wyverns
  4 yaks (D:9)
  Grum (D:8)
  An acid dragon (D:10)
  A water moccasin (D:8)
  3 ice beasts (D:9)
  A sky beast (D:7)
  3 hornet zombies (D:8)
  3 orc warriors
  3 wolves
  2 centaurs
  A phantom (D:7)
  4 bullfrogs
  A kobold brigand (D:9)
  A gnoll sergeant (D:9)
  A wyvern zombie (D:8)
  12 wights
  6 killer bees
  5 howler monkeys
  A centaur zombie (D:8)
  A jelly (D:7)
  5 orc wizards
  A killer bee zombie (D:8)
  Robin (D:3)
  A howler monkey zombie (D:8)
  5 gnolls (D:9)
  4 adders
  A white imp (D:7)
  2 dart slugs
  6 ribbon worms
  22 orcs
  2 ball pythons
  8 endoplasms
  3 giant cockroaches
  9 hobgoblins
  5 jackals
  2 quokkas (D:1)
  3 bats
  3 frilled lizards
  18 goblins
  13 kobolds
  2 rats
186 creatures vanquished.

Notes
Turn   | Place    | Note
-------+----------+-------------------------------------------
     0 | D:1      | spaghetti the Naga Berserker began the quest for the Orb.
     0 | D:1      | Reached XP level 1. HP: 21/21 MP: 1/1
   137 | D:1      | Reached XP level 2. HP: 17/28 MP: 2/2
   244 | D:1      | Found Zogokk's Antique Weapon Shoppe.
   536 | D:1      | Reached skill level 4 in Long Blades
   559 | D:1      | Reached XP level 3. HP: 34/34 MP: 3/3
  1011 | D:2      | Reached XP level 4. HP: 42/42 MP: 4/4
  1117 | D:2      | Reached ** piety under Trog
  1159 | D:2      | Identified the +4 leather armour of Prudence {Will+}
  1226 | D:2      | Reached skill level 5 in Long Blades
  1467 | D:2      | Found a faded altar of an unknown god.
  2196 | D:3      | Reached XP level 5. HP: 31/49 MP: 5/5
  2474 | D:4      | Noticed Robin
  2495 | D:3      | Killed Robin
  2599 | D:4      | You fall into a shaft and drop 3 floors!
  2635 | D:7      | Noticed an orc warrior
  2654 | D:7      | Killed an orc warrior
  2655 | D:7      | Reached skill level 6 in Long Blades
  2655 | D:7      | Reached XP level 6. HP: 21/56 MP: 6/6
  2734 | D:7      | Noticed Jeremiah
  2782 | D:7      | HP: 3/64 [Jeremiah/+3 trident of draining (1)]
  2821 | D:7      | Killed Jeremiah
  2822 | D:7      | Reached skill level 8 in Long Blades
  2822 | D:7      | Reached XP level 7. HP: 42/62 MP: 7/7
  2999 | D:7      | Noticed Joseph
  3010 | D:7      | HP: 3/81 [Joseph/+0 quarterstaff (2)]
  3014 | D:7      | Killed Joseph
  3015 | D:7      | Reached skill level 9 in Long Blades
  3015 | D:7      | Reached XP level 8. HP: 5/69 MP: 8/8
  3144 | D:7      | Reached skill level 10 in Long Blades
  3472 | D:7      | Noticed a hornet
  3492 | D:7      | Killed a hornet
  3493 | D:7      | Reached skill level 11 in Long Blades
  3659 | D:7      | Reached XP level 9. HP: 69/75 MP: 9/9
  3845 | D:8      | Noticed Grum
  3873 | D:8      | Killed Grum
  3874 | D:8      | Reached skill level 12 in Long Blades
  4270 | D:8      | Reached skill level 13 in Long Blades
  4489 | D:8      | Noticed a two-headed ogre
  4505 | D:8      | Killed a two-headed ogre
  4506 | D:8      | Reached skill level 14 in Long Blades
  4506 | D:8      | Reached XP level 10. HP: 65/84 MP: 10/10
  4902 | D:8      | Found a basalt altar of Yredelemnul.
  5710 | D:9      | Noticed a two-headed ogre
  5720 | D:9      | Killed a two-headed ogre
  5721 | D:9      | Reached skill level 15 in Long Blades
  5724 | D:9      | Reached skill level 5 in Fighting
  5773 | D:9      | Reached *** piety under Trog
  5821 | D:9      | Found a staircase to the Lair.
  5934 | D:9      | Noticed a two-headed ogre
  5942 | D:9      | Killed a two-headed ogre
  6068 | D:9      | Reached XP level 11. HP: 77/100 MP: 11/11
  6111 | D:9      | Found a staircase to the Orcish Mines.
  6441 | D:10     | Entered Level 10 of the Dungeon
  6448 | D:10     | Found a stormy altar of Qazlal.
  6852 | D:10     | Noticed Maggie
  6866 | D:10     | Killed Maggie
  6976 | D:10     | Noticed a two-headed ogre
  6989 | D:10     | Killed a two-headed ogre
  7054 | D:10     | Found a glowing golden altar of the Shining One.
  7382 | D:11     | Noticed a deep elf pyromancer
  7382 | D:11     | Noticed an orc knight
  7382 | D:11     | Noticed a two-headed ogre
  7382 | D:11     | Noticed a brown ugly thing
  7382 | D:11     | Noticed a cyclops
  7382 | D:11     | Noticed a cyclops
  7383 | D:11     | Quit the game

Illustrated notes

Levels and vault maps discovered:
D:1:      dpeg_arrival_radiant, layout_rooms, serial_shops, nicolae_shop_stone,
          fountainhead, minmay_misc_feat_enclosed
D:2:      kennysheep_the_goblin_king, layout_loops_ring,
          shapermc_ecumenical_altar_acropolis
D:3:      layout_basic
D:4:      layout_rooms, serial_shops, nicolae_shop_tiny_real_fake_doors,
          uniq_robin
D:7:      layout_basic, kennysheep_generic_room_2, uniq_jeremiah, uniq_joseph
D:8:      layout_cave_pools, nicolae_yredelemnul_corpse_copse,
          nicolae_houndstooth_variations, uniq_grum
D:9:      layout_gridville, hellmonk_lair_entry_icy, orc_0_dummy
D:10:     layout_small_grid, tso_altar, nicolae_qazlal_eye_of_the_storm,
          serial_glass, glass_columns_a, glass_columns_b, glass_columns_b,
          glass_columns_a, glass_columns_a, glass_columns_b,
          chequers_serial_rivers_room_b, minmay_misc_feat_pillars, uniq_maggie
D:11:     minmay_the_grid_triangle_9x9_recursive_2_mashed
          [minmay_the_grid_triangle_9x9_prize_schism,
          minmay_the_grid_triangle_9x9_semitri,
          minmay_the_grid_triangle_9x9_flanged_cone,
          minmay_the_grid_triangle_9x9_sprig], layout_cave_pools,
          nicolae_ashenzari_panopticon

Skill      XL: |  1  2  3  4  5  6  7  8  9 10 11 |
---------------+----------------------------------+-----
Long Blades    | 4 5 6 8 9 11 14 15 | 15.0
Fighting       | 7 9 |  9.4
Armour         | 2 |  2.1
Dodging        | 2 |  2.1

Action                     |  1- 3 |  4- 6 |  7- 9 | 10-12 || total
---------------------------+-------+-------+-------+-------++-------
  Melee: Falchion          |    81 |       |       |    18 ||    99
         Short sword       |    59 |   118 |       |       ||   177
         Punch             |     2 |     2 |     8 |     2 ||    14
         Dagger            |       |   143 |   461 |    94 ||   698
         Long sword        |       |       |       |   183 ||   183
 Invoke: Berserk           |     2 |     4 |     8 |     9 ||    23
         Trog's Hand       |       |     2 |     4 |     4 ||    10
Ability: Spit Poison       |       |       |     2 |       ||     2
    Use: Scroll            |       |     9 |     3 |     3 ||    15
         Potion            |       |     5 |     1 |     1 ||     7
   Stab: Sleeping          |       |     1 |       |     2 ||     3
 Armour: Animal skin       |    91 |   178 |   243 |    26 ||   538
         Chain mail        |       |       |       |   212 ||   212
  Dodge: Dodged            |    65 |   130 |   142 |    79 ||   416
